 Dungeon Crawl Stone Soup version 0.19.0-11-g3fc08b3 (webtiles) character file.

415 cedor the Cudgeler (level 6, -5/63 HPs)
             Began as an Ogre Artificer on Nov 9, 2016.
             Killed by divine providence
             ... invoked by an orc priest
              (14 damage)
             ... on level 3 of the Dungeon.
             The game lasted 00:19:47 (5010 turns).

cedor the Cudgeler (Ogre Artificer)                 Turns: 5010, Time: 00:19:51

Health: -5/63      AC:  3    Str: 19    XL:     6   Next: 92%
Magic:  7/7        EV: 10    Int: 11    God:
Gold:   144        SH:  0    Dex: 10    Spells: 0 memorised, 5 levels left

rFire  . . .     SeeInvis .     a - +0 flail
rCold  + . .     Gourm    .     b - +0 robe
rNeg   . . .     Faith    .     (no shield)
rPois  .         Spirit   .     (helmet restricted)
rElec  .         Reflect  .     (no cloak)
rCorr  .         Harm     .     (gloves unavailable)
MR     .....                    (boots unavailable)
Stlth  +.........               s - amulet of magic regeneration
                                r - ring of protection from cold
                                (no ring)

@: no status effects
A: unfitting armour, tough skin 1
a: no special abilities


You were on level 3 of the Dungeon.
You were not hungry.

You visited 1 branch of the dungeon, and saw 3 of its levels.

You collected 144 gold pieces.


Innate Abilities, Weirdness & Mutations

You are too large for most types of armour.
You have tough skin. (AC +1)


   Skills:
 + Level 4.4 Fighting
   Level 0.5 Short Blades
 * Level 6.5 Maces & Flails
 + Level 3.3 Dodging
 - Level 0.6 Stealth
 - Level 2.4 Evocations


You had 5 spell levels left.
You didn't know any spells.

Inventory:

Hand Weapons
 a - a +0 flail (weapon)
 i - a +0 morningstar
 n - a +0 whip
Missiles
 k - 88 stones (quivered)
Armour
 b - a +0 robe (worn)
Jewellery
 r - a ring of protection from cold (right hand)
 s - an amulet of magic regeneration (around neck)
Wands
 c - a wand of flame (0/48)
 d - a wand of enslavement (14/24)
 e - a wand of random effects (2/48)
Scrolls
 h - a scroll of enchant armour {unknown}
 o - a scroll of blinking {unknown}
 q - a scroll of fog
Potions
 m - 2 potions of haste {@q3}
 p - a potion of might {unknown}
 u - a potion of agility {unknown}
 v - a potion of mutation {!q}
Comestibles
 f - 3 bread rations
 g - 5 meat rations
 j - 2 royal jellies
 l - 6 chunks of flesh

Dungeon Overview and Level Annotations

Branches:
Dungeon (3/15)

Altars:

.▒.▒▒....▒▒▒. ▒.▒.▒ ▒.▒.▒ ▒.▒
.▒.▒.........▒ ▒.▒.▒ ▒.▒.▒ ▒.▒
.▒.▒.▒▒▒▒▒▒▒▒▒ ▒.▒.▒▒▒.▒.▒▒▒▒.▒
.<........... ▒.▒........[...▒
.....▒▒▒▒▒▒▒▒▒▒▒.▒..▒▒.▒.▒▒▒▒▒▒
.▒▒▒...........▒.▒÷.▒▒.▒.......▒
.............o.)).)...>▒..▒▒▒.▒▒
......▒▒▒.▒.▒▒.▒o▒..▒▒▒▒▒▒▒
▒▒▒▒..▒ ▒.▒'▒▒.▒O▒..... .....o▒
▒......▒.▒▒.▒▒▒▒
▒▒▒▒▒o▒▒▒......▒....▒
....<...▒......▒▒▒▒▒▒
▒▒▒▒▒.▒.▒.....o▒ ▒...▒.......
▒▒..▒........ ..▒.......o.
..▒..........


You could see an orc priest.


Message History

You barely miss the orc.
The orc is heavily wounded.
The orc priest miscasts a cantrip.
The orc barely misses you.
You thump the orc!
You kill the orc!
The orc priest invokes the aid of Beogh against you.
Pain shoots through your body!
* * * LOW HITPOINT WARNING * * *
Evoke which item? (* to show all) (? for menu, Esc to quit)
Zapping:
e - a wand of random effects (4/48)
Press: ? - help, Shift-Dir - straight line, f - orc priest
Aim: an orc priest, wielding a mace and wearing a ring mail The orc priest seems to speed up.
This wand has 3 charges left.
You closely miss the orc priest. The orc priest barely misses you.
The orc priest hits you with a mace!
* * * LOW HITPOINT WARNING * * *
Evoke which item? (* to show all) (? for menu, Esc to quit)
Zapping:
e - a wand of random effects (3/48)
Press: ? - help, Shift-Dir - straight line, f/p - orc priest
Aim: an orc priest, wielding a mace and wearing a ring mail (fast)
The mass of ice explodes!
The iceblast engulfs the orc priest.
The orc priest is lightly wounded.
The iceblast engulfs you! You partially resist.
* * * LOW HITPOINT WARNING * * *
This wand has 2 charges left.
You hear a shout!
The orc priest invokes the aid of Beogh against you.
Beogh smites you!
You die...

Action                   |  1- 3 |  4- 6 || total
-------------------------+-------+-------++-------
Melee: Short sword       |    24 |       ||    24
       Club              |    47 |       ||    47
       Whip              |    83 |   275 ||   358
       Flail             |       |    20 ||    20
Throw: Stone             |       |     7 ||     7
Evoke: Wand              |     7 |    22 ||    29
  Use: Scroll            |       |     5 ||     5
 Stab: Sleeping          |     2 |     2 ||     4
       Distracted        |       |     1 ||     1
  Eat: Chunk             |     3 |    10 ||    13
Armor: Robe              |    35 |    48 ||    83
Dodge: Dodged            |   117 |   126 ||   243

Vault maps used:
D:1:      lightli_iron_boxes, hangedman_feature_mirror, minmay_misc_feat_plants
D:3:      first_bread, uniq_natasha

Notes
Turn   | Place    | Note
-------+----------+-------------------------------------------
     0 | D:1      | cedor the Ogre Artificer began the quest for the Orb.
     0 | D:1      | Reached XP level 1. HP: 19/19 MP: 2/2
   168 | D:1      | Reached skill level 2 in Dodging
   219 | D:1      | Reached skill level 2 in Fighting
   219 | D:1      | Reached XP level 2. HP: 26/28 MP: 3/3
  1175 | D:1      | Reached XP level 3. HP: 18/36 MP: 4/4
  1397 | D:2      | Reached skill level 3 in Fighting
  1460 | D:2      | Reached skill level 1 in Maces & Flails
  1606 | D:2      | Reached skill level 2 in Maces & Flails
  1607 | D:2      | HP: 2/37 [gnoll/spear (4)]
  1995 | D:2      | HP: 2/37 [jackal (2)]
  1996 | D:2      | Reached XP level 4. HP: 3/45 MP: 5/5
  2069 | D:2      | Reached skill level 3 in Maces & Flails
  2828 | D:3      | Reached skill level 4 in Maces & Flails
  2898 | D:3      | Noticed Natasha
  2909 | D:3      | Killed Natasha
  2909 | D:3      | Reached XP level 5. HP: 44/53 MP: 6/6
  3197 | D:3      | Reached skill level 5 in Maces & Flails
  3281 | D:3      | Noticed Natasha
  3391 | D:3      | Killed Natasha
  3473 | D:3      | Reached XP level 6. HP: 36/62 MP: 7/7
  3475 | D:3      | Reached skill level 3 in Dodging
  3580 | D:3      | Noticed Natasha
  3582 | D:3      | Killed Natasha
  3950 | D:2      | Reached skill level 4 in Fighting
  4026 | D:3      | Reached skill level 6 in Maces & Flails
  5010 | D:3      | Killed from afar by an orc priest

Vanquished Creatures
  A hound (D:3)
  An orc wizard (D:3)
  2 orc priests
  A worker ant (D:3)
  Natasha (thrice) (D:3)
  3 adders
  6 gnolls
  3 worms
  2 dart slugs
  2 leopard geckos
  11 orcs
  5 giant cockroaches
  9 hobgoblins
  7 jackals
  4 quokkas
  A ball python (D:2)
  5 bats
  9 frilled lizards
  3 goblins
  8 kobolds
  8 rats
94 creatures vanquished.

Vanquished Creatures (others)
  A jackal (D:2)
1 creature vanquished.

Grand Total: 95 creatures vanquished
